MLB
MIAMI MARLINS @ PITTSBURGH PIRATES
09/05/2019
 
TOP OF THE 1ST
Miami Marlins batting - Pitching for Pittsburgh Pirates : RHP Rick Porcello
Pitching: RHP Rick Porcello
Batting: LHB Kyle Tucker 0-0: Ball
1-0: DOUBLE (Groundball, 3L, EV 105.0 MPH) - OUT at third base trying to stretch hit.
Batting: LHB David Dahl 0-0: Ball
1-0: Ball
2-0: Ball
3-0: Called Strike
3-1: Ground out U3 (Groundball, 3, EV 110.6 MPH)
Batting: SHB Francisco Lindor 0-0: Ball
1-0: Called Strike
1-1: Ball
2-1: Called Strike
2-2: SOLO HOME RUN (Flyball, 7LD, EV 104.4 MPH), Distance : 341 ft
Batting: RHB Javier Baez 0-0: Called Strike
0-1: Ball
1-1: Foul Ball, location: 2F
1-2: Foul Ball, location: 2F
1-2: Strikes out swinging
Top of the 1st over - 1 run, 2 hits, 0 errors, 0 left on base; Miami 1 - Pittsburgh 0
BOTTOM OF THE 1ST
Pittsburgh Pirates batting - Pitching for Miami Marlins : RHP Rogelio Armenteros
Pitching: RHP Rogelio Armenteros
Batting: RHB Byron Buxton 0-0: Ball
1-0: Ball
2-0: Bunt for hit to 5S - play at first, batter safe!
Batting: LHB Jason Kipnis 0-0: Called Strike
0-1: Ball
1-1: Ball
2-1: Swinging Strike
2-2: Foul Ball, location: 2F
2-2: Foul Ball, location: 2F
2-2: Foul Ball, location: 2F
2-2: Ball
3-2: Fielders Choice at 2nd, 1-6 (Groundball, 23, EV 72.5 MPH)
Batting: RHB Franmil Reyes 0-0: Ball
1-0: Called Strike
1-1: SINGLE (Groundball, 4MD, EV 99.4 MPH)
Jason Kipnis to second
Batting: LHB Jake Lamb 0-0: Swinging Strike
0-1: Called Strike
0-2: Strikes out swinging
Batting: RHB Ryan Zimmerman 0-0: Foul Ball, location: 2F
0-1: SINGLE (Flyball, 8RS, EV 89.4 MPH)
Jason Kipnis to third
Franmil Reyes to second
Runner from 3rd tries for Home, SAFE, no throw by CF
Batting: LHB LaMonte Wade 0-0: Called Strike
0-1: Ball
1-1: Fly out, F9 (Line Drive, 9, EV 86.9 MPH)
Bottom of the 1st over - 1 run, 3 hits, 0 errors, 2 left on base; Miami 1 - Pittsburgh 1
TOP OF THE 2ND
Miami Marlins batting - Pitching for Pittsburgh Pirates : RHP Rick Porcello
Batting: RHB Miguel Andujar 0-0: Called Strike
0-1: Ball
1-1: Ball
2-1: Called Strike
2-2: SINGLE (Line Drive, 4D, EV 105.0 MPH)
Batting: LHB Max Kepler 0-0: Ball
1-0: Ball
2-0: Ball
3-0: Base on Balls
Miguel Andujar to second
Batting: RHB C.J. Cron 0-0: Ball
1-0: Ball
2-0: Called Strike
2-1: SINGLE (Line Drive, 78S, EV 91.3 MPH)
Miguel Andujar to third
Max Kepler to second
Batting: LHB Chance Sisco 0-0: Called Strike
0-1: Ball
1-1: Ball
2-1: Fly out, F7 (Flyball, 7LSF, EV 97.5 MPH)
Runner from 3rd tags up, SCORES, no throw by LF
Batting: RHB Rogelio Armenteros 0-0: Sac Bunt to 13S - play at first, batter OUT! 1-4
Max Kepler to third
C.J. Cron to second
Batting: LHB Kyle Tucker 0-0: Foul Ball, location: 2F
0-1: Ball
1-1: Fly out, F4 (Flyball, 34D, EV 88.1 MPH)
Top of the 2nd over - 1 run, 2 hits, 0 errors, 2 left on base; Miami 2 - Pittsburgh 1
BOTTOM OF THE 2ND
Pittsburgh Pirates batting - Pitching for Miami Marlins : RHP Rogelio Armenteros
Batting: RHB Renato Nunez 0-0: Ground out 6-3 (Groundball, 6, EV 85.0 MPH)
Batting: RHB Josh Phegley 0-0: Ball
1-0: Called Strike
1-1: Ball
2-1: Foul Ball, location: 2F
2-2: Strikes out swinging
Batting: RHB Rick Porcello 0-0: Ball
1-0: Called Strike
1-1: Called Strike
1-2: Strikes out swinging
Bottom of the 2nd over - 0 runs, 0 hits, 0 errors, 0 left on base; Miami 2 - Pittsburgh 1
TOP OF THE 3RD
Miami Marlins batting - Pitching for Pittsburgh Pirates : RHP Rick Porcello
Batting: LHB David Dahl 0-0: Called Strike
0-1: Bunted foul
0-2: Fly out, F7 (Line Drive, 7, EV 95.0 MPH)
Batting: SHB Francisco Lindor 0-0: Ball
1-0: Ground out 4-3 (Groundball, 4S, EV 79.4 MPH)
Batting: RHB Javier Baez 0-0: Ball
1-0: Ball
2-0: Called Strike
2-1: Foul Ball, location: 2F
2-2: Foul Ball, location: 2F
2-2: Strikes out looking
Top of the 3rd over - 0 runs, 0 hits, 0 errors, 0 left on base; Miami 2 - Pittsburgh 1
BOTTOM OF THE 3RD
Pittsburgh Pirates batting - Pitching for Miami Marlins : RHP Rogelio Armenteros
Batting: RHB Byron Buxton 0-0: Called Strike
0-1: Ball
1-1: Foul Ball, location: 2F
1-2: Strikes out looking
Batting: LHB Jason Kipnis 0-0: Ball
1-0: Ball
2-0: Ball
3-0: Base on Balls
Batting: RHB Franmil Reyes 0-0: Swinging Strike
0-1: Foul Ball, location: 2F
0-2: Ball
1-2: Foul Ball, location: 2F
1-2: Ball
2-2: Strikes out swinging
Batting: LHB Jake Lamb 0-0: Ball
1-0: Called Strike
Pickoff Throw to First - Out! 1-3
Bottom of the 3rd over - 0 runs, 0 hits, 0 errors, 0 left on base; Miami 2 - Pittsburgh 1
TOP OF THE 4TH
Miami Marlins batting - Pitching for Pittsburgh Pirates : RHP Rick Porcello
Batting: RHB Miguel Andujar 0-0: Ball
1-0: Foul Ball, location: 2F
1-1: Ball
2-1: Called Strike
2-2: Ball
3-2: SINGLE (Flyball, 7LS, EV 90.6 MPH)
Batting: LHB Max Kepler 0-0: Called Strike
0-1: Ball
1-1: Sac Bunt to 15 - play at first, batter OUT! 1-3
Miguel Andujar to second
Batting: RHB C.J. Cron 0-0: Called Strike
0-1: Ball
1-1: Ball
2-1: Foul Ball, location: 2F
2-2: Ball
3-2: SINGLE (Groundball, 6MD, EV 103.1 MPH)
Miguel Andujar to third
Batting: LHB Chance Sisco 0-0: Called Strike
0-1: Swinging Strike
0-2: Foul Ball, location: 2F
0-2: Ball
1-2: Strikes out swinging
Batting: RHB Rogelio Armenteros 0-0: Fielders Choice at 2nd, 6-4 (Groundball, 6, EV 100.6 MPH)
Top of the 4th over - 0 runs, 2 hits, 0 errors, 2 left on base; Miami 2 - Pittsburgh 1
BOTTOM OF THE 4TH
Pittsburgh Pirates batting - Pitching for Miami Marlins : RHP Rogelio Armenteros
Batting: LHB Jake Lamb 0-0: Ball
1-0: Ground out U3 (Groundball, 3, EV 91.9 MPH)
Batting: RHB Ryan Zimmerman 0-0: Ball
1-0: Ball
2-0: Called Strike
2-1: Reached on error, E9 (Flyball, 9D, EV 83.1 MPH)
Batting: LHB LaMonte Wade 0-0: Ball
1-0: Foul Ball, location: 2F
1-1: Ball
2-1: Ball
3-1: Base on Balls
Ryan Zimmerman to second
Batting: RHB Renato Nunez 0-0: Foul Ball, location: 2F
0-1: Fly out, F9 (Line Drive, 89M, EV 111.3 MPH)
Batting: RHB Josh Phegley 0-0: Ball
1-0: Ball
2-0: Called Strike
2-1: Ball
3-1: Foul Ball, location: 2F
3-2: Foul Ball, location: 2F
3-2: Fly out, F3 (Line Drive, 3, EV 66.9 MPH)
Bottom of the 4th over - 0 runs, 0 hits, 1 error, 2 left on base; Miami 2 - Pittsburgh 1
TOP OF THE 5TH
Miami Marlins batting - Pitching for Pittsburgh Pirates : RHP Rick Porcello
Batting: LHB Kyle Tucker 0-0: Ball
1-0: Foul Ball, location: 2F
1-1: Fly out, F7 (Flyball, 7, EV 90.6 MPH)
Batting: LHB David Dahl 0-0: Ground out 6-3 (Groundball, 6, EV 85.0 MPH)
Batting: SHB Francisco Lindor 0-0: Ball
1-0: Foul Ball, location: 2F
1-1: Ball
2-1: Called Strike
2-2: Ball
3-2: Fly out, F7 (Flyball, 7, EV 86.9 MPH)
Top of the 5th over - 0 runs, 0 hits, 0 errors, 0 left on base; Miami 2 - Pittsburgh 1
BOTTOM OF THE 5TH
Pittsburgh Pirates batting - Pitching for Miami Marlins : RHP Rogelio Armenteros
Batting: RHB Rick Porcello 0-0: Ball
1-0: Ball
2-0: Ground out 5-3 (Groundball, 56S, EV 86.3 MPH)
Batting: RHB Byron Buxton 0-0: Foul Ball, location: 2F
0-1: Called Strike
0-2: Ball
1-2: SINGLE (Line Drive, 5D, EV 98.8 MPH)
Batting: LHB Jason Kipnis 0-0: Ball
Byron Buxton steals 2nd base
1-0: Ball
2-0: Swinging Strike
2-1: Foul Ball, location: 2F
2-2: Foul Ball, location: 2F
2-2: Strikes out looking
Batting: RHB Franmil Reyes 0-0: Ball
1-0: Called Strike
1-1: Swinging Strike
1-2: Strikes out swinging
Bottom of the 5th over - 0 runs, 1 hit, 0 errors, 1 left on base; Miami 2 - Pittsburgh 1
TOP OF THE 6TH
Miami Marlins batting - Pitching for Pittsburgh Pirates : RHP Rick Porcello
Batting: RHB Javier Baez 0-0: Ball
1-0: Ball
2-0: Ball
3-0: Ground out 5-3 (Groundball, 5, EV 88.1 MPH)
Batting: RHB Miguel Andujar 0-0: Ball
1-0: Foul Ball, location: 2F
1-1: Foul Ball, location: 2F
1-2: Reached on error, E6 (Flyball, 56D, EV 90.6 MPH)
Batting: LHB Max Kepler 0-0: Ball
1-0: Ground out 4-3 (Groundball, 3, EV 90.6 MPH)
Miguel Andujar to second
Batting: RHB C.J. Cron 0-0: Ball
1-0: Foul Ball, location: 2F
1-1: Ball
2-1: Fly out, F8 (Flyball, 78D, EV 107.5 MPH)
Top of the 6th over - 0 runs, 0 hits, 1 error, 1 left on base; Miami 2 - Pittsburgh 1
BOTTOM OF THE 6TH
Pittsburgh Pirates batting - Pitching for Miami Marlins : RHP Rogelio Armenteros
Pitching: RHP Zach Putnam
Now at 1B: Cheslor Cuthbert
Batting: LHB Jake Lamb 0-0: Ball
1-0: Ball
2-0: Ball
3-0: Base on Balls
Batting: RHB Ryan Zimmerman 0-0: Foul Ball, location: 2F
0-1: Ball
1-1: Called Strike
1-2: Foul Ball, location: 2F
1-2: Ball
2-2: Strikes out looking
Batting: LHB LaMonte Wade 0-0: Ball
1-0: Called Strike
1-1: Foul Ball, location: 2F
1-2: Ball
2-2: Grounds into double play, 4-6-3 (Groundball, 4, EV 93.8 MPH)
Bottom of the 6th over - 0 runs, 0 hits, 0 errors, 0 left on base; Miami 2 - Pittsburgh 1
TOP OF THE 7TH
Miami Marlins batting - Pitching for Pittsburgh Pirates : RHP Rick Porcello
Pitching: RHP Ryan Pressly
Batting: LHB Chance Sisco 0-0: Called Strike
0-1: Ball
1-1: Fly out, F9 (Flyball, 89M, EV 90.0 MPH)
Batting: RHB Cheslor Cuthbert 0-0: Foul Ball, location: 2F
0-1: Ball
1-1: SINGLE (Line Drive, 34, EV 106.3 MPH)
Batting: LHB Kyle Tucker 0-0: Ball
1-0: Ball
2-0: Called Strike
2-1: Foul Ball, location: 2F
2-2: Strikes out looking
Batting: LHB David Dahl 0-0: Fly out, F5 (Popup, 5SF, EV 81.3 MPH)
Top of the 7th over - 0 runs, 1 hit, 0 errors, 1 left on base; Miami 2 - Pittsburgh 1
BOTTOM OF THE 7TH
Pittsburgh Pirates batting - Pitching for Miami Marlins : RHP Zach Putnam
Pitching: RHP Dan Winkler
Batting: RHB Renato Nunez 0-0: Ball
1-0: Ball
2-0: Ball
3-0: Called Strike
3-1: Base on Balls
Batting: RHB Josh Phegley 0-0: Ball
1-0: Called Strike
1-1: Called Strike
Renato Nunez steals 2nd base
1-2: Ground out 6-3 (Groundball, 6, EV 87.5 MPH)
Pinch Hitting: LHB Bobby Bradley 0-0: Called Strike
0-1: Fly out, F9 (Flyball, 9LD, EV 103.1 MPH)
Batting: RHB Byron Buxton 0-0: Foul Ball, location: 2F
0-1: Foul Ball, location: 2F
0-2: Foul Ball, location: 2F
0-2: Strikes out looking
Bottom of the 7th over - 0 runs, 0 hits, 0 errors, 1 left on base; Miami 2 - Pittsburgh 1
TOP OF THE 8TH
Miami Marlins batting - Pitching for Pittsburgh Pirates : RHP Ryan Pressly
Pitching: RHP Adam Ottavino
Batting: SHB Francisco Lindor 0-0: Ball
1-0: Foul Ball, location: 2F
1-1: Ball
2-1: Foul Ball, location: 2F
2-2: Ball
3-2: Ground out 4-3 (Groundball, 4M, EV 100.6 MPH)
Batting: RHB Javier Baez 0-0: SOLO HOME RUN (Flyball, 78XD, EV 104.4 MPH), Distance : 437 ft
Batting: RHB Miguel Andujar 0-0: Hit by Pitch
Batting: LHB Max Kepler 0-0: Called Strike
0-1: Foul Ball, location: 2F
0-2: Ball
1-2: Foul Ball, location: 2F
1-2: Strikes out swinging
Pinch Hitting: LHB Alex Gordon 0-0: Foul Ball, location: 2F
0-1: Called Strike
0-2: Ball
1-2: Foul Ball, location: 2F
1-2: Strikes out swinging, 2-3 out at first.
Top of the 8th over - 1 run, 1 hit, 0 errors, 1 left on base; Miami 3 - Pittsburgh 1
BOTTOM OF THE 8TH
Pittsburgh Pirates batting - Pitching for Miami Marlins : RHP Dan Winkler
Pitching: RHP Blake Wood
Batting: LHB Jason Kipnis 0-0: Called Strike
0-1: Foul Ball, location: 2F
0-2: Ground out 6-3 (Groundball, 6, EV 84.4 MPH)
Batting: RHB Franmil Reyes 0-0: Called Strike
0-1: Ground out 4-3 (Groundball, 4, EV 85.0 MPH)
Batting: LHB Jake Lamb 0-0: Swinging Strike
0-1: Ball
1-1: Ground out 6-3 (Groundball, 6M, EV 85.0 MPH)
Bottom of the 8th over - 0 runs, 0 hits, 0 errors, 0 left on base; Miami 3 - Pittsburgh 1
TOP OF THE 9TH
Miami Marlins batting - Pitching for Pittsburgh Pirates : RHP Adam Ottavino
Pitching: RHP Devan Watts
Batting: LHB Chance Sisco 0-0: Ball
1-0: Called Strike
1-1: Called Strike
1-2: Strikes out swinging
Batting: RHB Cheslor Cuthbert 0-0: Called Strike
0-1: Called Strike
0-2: Ground out 3-1 (Groundball, 34, EV 81.9 MPH)
Batting: LHB Kyle Tucker 0-0: Ball
1-0: Ball
2-0: Ball
3-0: Called Strike
3-1: Called Strike
3-2: Strikes out swinging
Top of the 9th over - 0 runs, 0 hits, 0 errors, 0 left on base; Miami 3 - Pittsburgh 1
BOTTOM OF THE 9TH
Pittsburgh Pirates batting - Pitching for Miami Marlins : RHP Blake Wood
Pitching: RHP Blake Treinen
Batting: RHB Ryan Zimmerman 0-0: Ball
1-0: Called Strike
1-1: Called Strike
1-2: Ball
2-2: SINGLE (Line Drive, 6D, EV 105.0 MPH)
Pitching: RHP Jordan Hicks
Batting: LHB LaMonte Wade 0-0: Called Strike
0-1: Ball
1-1: Foul Ball, location: 2F
1-2: Ball
2-2: Ball
3-2: TRIPLE (Flyball, 89XD, EV 103.8 MPH)
Ryan Zimmerman scores
Batting: RHB Renato Nunez 0-0: Called Strike
0-1: Fly out, F9 (Flyball, 9LM, EV 95.6 MPH)
Runner from 3rd tags up, SCORES, no throw by RF
Batting: RHB Josh Phegley 0-0: Foul Ball, location: 2F
0-1: Swinging Strike
0-2: Foul Ball, location: 2F
0-2: Ball
1-2: Strikes out looking
Pinch Hitting: LHB Billy McKinney 0-0: Ball
1-0: Foul Ball, location: 2F
1-1: Fly out, F7 (Flyball, 7, EV 85.6 MPH)
Bottom of the 9th over - 2 runs, 2 hits, 0 errors, 0 left on base; Miami 3 - Pittsburgh 3
TOP OF THE 10TH
Miami Marlins batting - Pitching for Pittsburgh Pirates : RHP Devan Watts
Pitching: RHP Seranthony Dominguez
Batting: LHB David Dahl 0-0: Foul Ball, location: 2F
0-1: Ball
1-1: SINGLE (Line Drive, 5L, EV 98.8 MPH)
Batting: SHB Francisco Lindor 0-0: Ball
1-0: SINGLE (Flyball, 7S, EV 93.8 MPH)
David Dahl to second
Batting: RHB Javier Baez 0-0: Ball
1-0: Ball
2-0: Called Strike
2-1: Fly out, F7 (Flyball, 7, EV 90.6 MPH)
Batting: RHB Miguel Andujar 0-0: Ball
1-0: Called Strike
1-1: Ball
2-1: Ball
3-1: Called Strike
3-2: Foul Ball, location: 2F
3-2: Foul Ball, location: 2F
3-2: Ground out 5-3 (Groundball, 56, EV 101.9 MPH)
David Dahl to third
Francisco Lindor to second
Batting: LHB Max Kepler 0-0: Foul Ball, location: 2F
0-1: Foul Ball, location: 2F
0-2: Strikes out looking
Top of the 10th over - 0 runs, 2 hits, 0 errors, 2 left on base; Miami 3 - Pittsburgh 3
BOTTOM OF THE 10TH
Pittsburgh Pirates batting - Pitching for Miami Marlins : RHP Jordan Hicks
Pitching: RHP Craig Stammen
Batting: RHB Byron Buxton 0-0: Foul Ball, location: 2F
0-1: Ball
1-1: Ball
2-1: Swinging Strike
2-2: Ball
3-2: Fly out, F8 (Flyball, 8LM, EV 85.0 MPH)
Batting: LHB Jason Kipnis 0-0: Foul Ball, location: 2F
0-1: Ball
1-1: Foul Ball, location: 2F
1-2: Foul Ball, location: 2F
1-2: Ball
2-2: Strikes out swinging
Batting: RHB Franmil Reyes 0-0: Called Strike
0-1: Ball
1-1: Ball
2-1: Called Strike
2-2: Strikes out looking
Bottom of the 10th over - 0 runs, 0 hits, 0 errors, 0 left on base; Miami 3 - Pittsburgh 3
TOP OF THE 11TH
Miami Marlins batting - Pitching for Pittsburgh Pirates : RHP Seranthony Dominguez
Pitching: RHP Nick Kingham
Pinch Hitting: RHB Luke Maile 0-0: Ball
1-0: Ball
2-0: Called Strike
2-1: Called Strike
2-2: Ball
3-2: Base on Balls
Batting: LHB Chance Sisco 0-0: Called Strike
0-1: Swinging Strike
0-2: Ball
1-2: Ball
2-2: Foul Ball, location: 2F
2-2: Strikes out swinging
Batting: RHB Cheslor Cuthbert 0-0: Fly out, F3 (Popup, 23, EV 75.6 MPH)
Batting: LHB Kyle Tucker 0-0: Ball
1-0: Called Strike
1-1: Fly out, F8 (Flyball, 8RM, EV 78.8 MPH)
Top of the 11th over - 0 runs, 0 hits, 0 errors, 1 left on base; Miami 3 - Pittsburgh 3
BOTTOM OF THE 11TH
Pittsburgh Pirates batting - Pitching for Miami Marlins : RHP Craig Stammen
Pitching: RHP John Axford
Batting: LHB Jake Lamb 0-0: Ball
1-0: Ball
2-0: Called Strike
2-1: Swinging Strike
2-2: SINGLE (Line Drive, 78M, EV 109.4 MPH)
Batting: RHB Ryan Zimmerman 0-0: Ball
1-0: Ball
2-0: Ball
3-0: Called Strike
3-1: Base on Balls
Jake Lamb to second
Batting: LHB LaMonte Wade 0-0: Foul Ball, location: 2F
0-1: Ball
1-1: Foul Ball, location: 2F
1-2: Foul Ball, location: 2F
1-2: Grounds into double play, 4-6-3 (Groundball, 4, EV 101.9 MPH)
Jake Lamb to third
Batting: RHB Renato Nunez 0-0: Foul Ball, location: 2F
0-1: Ball
1-1: Foul Ball, location: 2F
1-2: Ball
2-2: Strikes out looking
Bottom of the 11th over - 0 runs, 1 hit, 0 errors, 1 left on base; Miami 3 - Pittsburgh 3
TOP OF THE 12TH
Miami Marlins batting - Pitching for Pittsburgh Pirates : RHP Nick Kingham
Batting: LHB David Dahl 0-0: Called Strike
0-1: Called Strike
0-2: Strikes out swinging
Batting: SHB Francisco Lindor 0-0: Ball
1-0: Swinging Strike
1-1: Fly out, F8 (Flyball, 8RXD, EV 103.1 MPH)
Batting: RHB Javier Baez 0-0: Called Strike
0-1: Ball
1-1: Ball
2-1: Swinging Strike
2-2: Ball
3-2: Foul Ball, location: 2F
3-2: Foul Ball, location: 2F
3-2: Foul Ball, location: 2F
3-2: Base on Balls
Pitching: RHP Matt Bush
Now at 2B: Forrest Wall
Batting: RHB Miguel Andujar 0-0: Ball
1-0: Fly out, F8 (Flyball, 8LD, EV 105.6 MPH)
Top of the 12th over - 0 runs, 0 hits, 0 errors, 1 left on base; Miami 3 - Pittsburgh 3
BOTTOM OF THE 12TH
Pittsburgh Pirates batting - Pitching for Miami Marlins : RHP John Axford
Batting: RHB Josh Phegley 0-0: Swinging Strike
0-1: Foul Ball, location: 2F
0-2: Ball
1-2: Ball
2-2: Ball
3-2: Ground out 4-3 (Groundball, 4, EV 100.0 MPH)
Batting: LHB Forrest Wall 0-0: Swinging Strike
0-1: Ball
1-1: Swinging Strike
1-2: Ground out 6-3 (Groundball, 6, EV 98.1 MPH)
Batting: RHB Byron Buxton 0-0: Ball
1-0: Ball
2-0: Swinging Strike
2-1: Ground out 5-3 (Groundball, 56, EV 82.5 MPH)
Bottom of the 12th over - 0 runs, 0 hits, 0 errors, 0 left on base; Miami 3 - Pittsburgh 3
TOP OF THE 13TH
Miami Marlins batting - Pitching for Pittsburgh Pirates : RHP Matt Bush
Batting: LHB Max Kepler 0-0: Called Strike
0-1: Ball
1-1: Called Strike
1-2: Ball
2-2: Strikes out swinging
Pinch Hitting: SHB Rey Navarro 0-0: Ball
1-0: Foul Ball, location: 2F
1-1: Ball
2-1: Fly out, F8 (Flyball, 78XD, EV 86.3 MPH)
Batting: LHB Chance Sisco 0-0: Foul Ball, location: 2F
0-1: Ball
1-1: Ball
2-1: Foul Ball, location: 2F
2-2: Fly out, F4 (Line Drive, 4, EV 65.0 MPH)
Top of the 13th over - 0 runs, 0 hits, 0 errors, 0 left on base; Miami 3 - Pittsburgh 3
BOTTOM OF THE 13TH
Pittsburgh Pirates batting - Pitching for Miami Marlins : RHP John Axford
Pitching: RHP Kevin Ginkel
Batting: LHB Jason Kipnis 0-0: Foul Ball, location: 2F
0-1: Ball
1-1: Ball
2-1: Ball
3-1: Foul Ball, location: 2F
3-2: Foul Ball, location: 2F
3-2: Base on Balls
Batting: RHB Franmil Reyes 0-0: Called Strike
0-1: Ball
1-1: Called Strike
1-2: Foul Ball, location: 2F
1-2: Ball
2-2: Foul Ball, location: 2F
2-2: Foul Ball, location: 2F
2-2: Foul Ball, location: 2F
2-2: Strikes out swinging
Batting: LHB Jake Lamb 0-0: Called Strike
0-1: Swinging Strike
0-2: Strikes out swinging
Batting: RHB Ryan Zimmerman 0-0: Foul Ball, location: 2F
0-1: Ball
1-1: Foul Ball, location: 2F
1-2: Strikes out looking
Bottom of the 13th over - 0 runs, 0 hits, 0 errors, 1 left on base; Miami 3 - Pittsburgh 3
TOP OF THE 14TH
Miami Marlins batting - Pitching for Pittsburgh Pirates : RHP Matt Bush
Batting: RHB Cheslor Cuthbert 0-0: Called Strike
0-1: Foul Ball, location: 2F
0-2: Ball
1-2: SINGLE (Groundball, 34D, EV 106.9 MPH)
Pitching: RHP Trevor May
Batting: LHB Kyle Tucker 0-0: Swinging Strike
0-1: Ball
1-1: Foul Ball, location: 2F
1-2: Ball
2-2: Strikes out swinging
Batting: LHB David Dahl 0-0: Foul Ball, location: 2F
0-1: Ball
1-1: Swinging Strike
1-2: Fly out, F7 (Flyball, 7, EV 78.1 MPH)
Batting: SHB Francisco Lindor 0-0: Ball
1-0: Ball
2-0: Ball
3-0: Base on Balls
Cheslor Cuthbert to second
Batting: RHB Javier Baez 0-0: Fly out, F8 (Flyball, 8RM, EV 90.0 MPH)
Top of the 14th over - 0 runs, 1 hit, 0 errors, 2 left on base; Miami 3 - Pittsburgh 3
BOTTOM OF THE 14TH
Pittsburgh Pirates batting - Pitching for Miami Marlins : RHP Kevin Ginkel
Batting: LHB LaMonte Wade 0-0: Swinging Strike
0-1: Ball
1-1: Ball
2-1: Foul Ball, location: 2F
2-2: Strikes out swinging
Pinch Hitting: RHB Cameron Maybin 0-0: SINGLE (Line Drive, 8LS, EV 93.8 MPH)
Pitching: LHP Luiz Gohara
Batting: RHB Josh Phegley 0-0: Fly out, F9 (Flyball, 89D, EV 102.5 MPH)
Batting: LHB Forrest Wall 0-0: Ball
Cameron Maybin is caught stealing 2nd base 2-6
Bottom of the 14th over - 0 runs, 1 hit, 0 errors, 0 left on base; Miami 3 - Pittsburgh 3
TOP OF THE 15TH
Miami Marlins batting - Pitching for Pittsburgh Pirates : RHP Trevor May
Pitching: RHP Adam Warren
Batting: RHB Miguel Andujar 0-0: Called Strike
0-1: Foul Ball, location: 2F
0-2: Ground out 1-3 (Groundball, P, EV 91.3 MPH)
Batting: LHB Max Kepler 0-0: Ball
1-0: Fly out, F1 (Line Drive, P, EV 67.5 MPH)
Batting: LHB Luiz Gohara 0-0: Called Strike
0-1: Called Strike
0-2: Ball
1-2: Strikes out looking
Top of the 15th over - 0 runs, 0 hits, 0 errors, 0 left on base; Miami 3 - Pittsburgh 3
BOTTOM OF THE 15TH
Pittsburgh Pirates batting - Pitching for Miami Marlins : LHP Luiz Gohara
Batting: LHB Forrest Wall 0-0: Swinging Strike
0-1: Foul Ball, location: 2F
0-2: Foul Ball, location: 2F
0-2: Ground out 2-3 (Groundball, 15S, EV 69.4 MPH)
Batting: RHB Byron Buxton 0-0: Called Strike
0-1: Ball
1-1: Ball
2-1: Foul Ball, location: 2F
2-2: Foul Ball, location: 2F
2-2: Strikes out swinging
Batting: LHB Jason Kipnis 0-0: Called Strike
0-1: Ball
1-1: Swinging Strike
1-2: Fly out, F7 (Flyball, 7LS, EV 93.1 MPH)
Bottom of the 15th over - 0 runs, 0 hits, 0 errors, 0 left on base; Miami 3 - Pittsburgh 3
TOP OF THE 16TH
Miami Marlins batting - Pitching for Pittsburgh Pirates : RHP Adam Warren
Batting: LHB Chance Sisco 0-0: Foul Ball, location: 2F
0-1: Called Strike
0-2: Strikes out looking
Batting: RHB Cheslor Cuthbert 0-0: Ball
1-0: Fly out, F7 (Flyball, 7LMF, EV 85.0 MPH)
Batting: LHB Kyle Tucker 0-0: SOLO HOME RUN (Flyball, 89XD, EV 102.5 MPH), Distance : 407 ft
Batting: LHB David Dahl 0-0: Fly out, F6 (Line Drive, 6, EV 75.0 MPH)
Top of the 16th over - 1 run, 1 hit, 0 errors, 0 left on base; Miami 4 - Pittsburgh 3
BOTTOM OF THE 16TH
Pittsburgh Pirates batting - Pitching for Miami Marlins : LHP Luiz Gohara
Batting: RHB Franmil Reyes 0-0: Foul Ball, location: 2F
0-1: Foul Ball, location: 2F
0-2: Strikes out swinging
Batting: LHB Jake Lamb 0-0: Called Strike
0-1: Ball
1-1: Ball
2-1: Fly out, F2 (Popup, 25F, EV 85.6 MPH)
Batting: RHB Ryan Zimmerman 0-0: Swinging Strike
0-1: Foul Ball, location: 2F
0-2: Foul Ball, location: 2F
0-2: Ball
1-2: Foul Ball, location: 2F
1-2: Strikes out swinging
Bottom of the 16th over - 0 runs, 0 hits, 0 errors, 0 left on base; Miami 4 - Pittsburgh 3
Monday, December 9th, 2019 - OOTP Baseball 20.8 Build 73